 Dungeon Crawl Stone Soup version 0.26-a0-612-gd4d190f45e (webtiles) character file.

Game seed: 14020647858174347216

259 Hastur the Firebug (level 5, 0/28 HPs)
             Began as a Deep Elf Fire Elementalist on Sept 10, 2020.
             Slain by an ogre
             ... wielding a cursed +0 giant club
              (28 damage)
             ... on level 4 of the Dungeon.
             The game lasted 00:09:17 (3532 turns).

Hastur the Firebug (Deep Elf Fire Elementalist)     Turns: 3532, Time: 00:09:18

Health: 0/28       AC:  5    Str:  6    XL:     5   Next: 94%
Magic:  13/13      EV: 13    Int: 20    God:
Gold:   162        SH:  0    Dex: 15    Spells: 11/12 levels left

rFire    . . .     SeeInvis .   c - +2 dagger (venom)
rCold    . . .     Faith    .   (no shield)
rNeg     . . .     Spirit   .   t - +2 leather armour {MR+}
rPois    .         Reflect  .   (no helmet)
rElec    .         Harm     .   (no cloak)
rCorr    .                      (no gloves)
MR       +....                  (no boots)
Stlth    ++........             (no amulet)
HPRegen  0.09/turn              (no ring)
MPRegen  0.13/turn              (no ring)

@: no status effects
A: no striking features
a: no special abilities


You were on level 4 of the Dungeon.
You visited 1 branch of the dungeon, and saw 4 of its levels.

You collected 162 gold pieces.

Inventory:

Hand Weapons
 c - a +2 dagger of venom (weapon)
   (You took it off a goblin on level 1 of the Dungeon)
Missiles
 i - 15 poisoned darts (quivered)
Armour
 a - a +0 robe
 r - a +1 leather armour of fire resistance
   (You took it off an orc on level 3 of the Dungeon)
 t - a +2 leather armour of magic resistance (worn)
   (You took it off a hobgoblin on level 3 of the Dungeon)
Jewellery
 j - an uncursed amulet of faith {unknown}
   (You found it on level 1 of the Dungeon)
Wands
 x - a wand of acid (4)
   (You took it off a goblin on level 3 of the Dungeon)
Scrolls
 d - a scroll of immolation {unknown}
 e - 4 scrolls of fear {unknown}
 f - 2 scrolls of remove curse {unknown}
 g - a scroll of amnesia {unknown}
 k - 2 scrolls of magic mapping {unknown}
 l - 5 scrolls of identify {unknown}
 m - a scroll of teleportation {unknown}
 n - a scroll of fog {unknown}
Potions
 b - a potion of might {unknown}
 h - 2 potions of mutation {unknown}
 o - a potion of cancellation {unknown}
 p - a potion of ambrosia {unknown}
 q - 2 potions of brilliance {unknown}
 s - 2 potions of curing {unknown}


   Skills:
 + Level 3.6 Dodging
 - Level 3.0 Stealth
 + Level 4.1 Spellcasting
 * Level 3.7 Conjurations
 - Level 5.0 Fire Magic


You had 11 spell levels left.
You knew the following spells:

 Your Spells              Type           Power        Failure   Level
a - Foxfire               Conj/Fire      ###.         3%          1

Your spell library contained the following spells:

 Spells                   Type           Power        Failure   Level
 Conjure Flame            Conj/Fire      ###.....     10%         3
 Inner Flame              Hex/Fire       ##......     22%         3
 Sticky Flame             Conj/Fire      ###.....     32%         4
 Fireball                 Conj/Fire      ###.......   65%         5


Dungeon Overview and Level Annotations

Branches:
Dungeon (4/15)
 Temple: D:4-7

Altars:
Uskayaw
Xom

Annotations:
D:3 Grinder
D:4 2 transporters, nyroko's ghost, amateur GrFi


Message History

Found a shimmering altar of Xom.
Partly explored, can't reach some places.
Partly explored, can't reach some places.
Okay, then.
Unknown command.
There is a stone staircase leading down here.
You climb downwards.
There is a stone staircase leading up here.
There is a stone staircase leading up here.
Found a whip.
An adder skeleton comes into view.
The adder skeleton closely misses you.
You hit the adder skeleton.
The adder skeleton bites you but does no damage.
You hit the adder skeleton. The adder skeleton barely misses you.
You hit the adder skeleton.
The adder skeleton bites you but does no damage.
You hit the adder skeleton.
You destroy the adder skeleton!
An adder comes into view.
An adder is nearby!
You conjure some foxfire!
The adder hisses angrily.
The foxfire hits the adder.
You conjure some foxfire!
The foxfire hits the adder.
You closely miss the adder. The adder closely misses you.
You closely miss the adder. The adder misses you. The adder barely misses you.
You completely miss the adder. The adder bites you but does no damage.
The foxfire hits the adder.
You conjure some foxfire!
The adder bites you. The adder bites you but does no damage.
You closely miss the adder.
The foxfire hits the adder.
You kill the adder!
Found a sedimented emerald potion.
s - 2 sedimented emerald potions (gained 1)
There is a stone staircase leading up here.
Found an escape hatch in the floor.
There is an escape hatch in the floor here.
Nyroko's ghost turns its malevolent gaze towards you.
You hear a chilling moan.
The quasit gives a chilling moan.
Found four items.
Found 13 sling bullets.
An ogre comes into view. It is wielding a +0 giant club.
Found 13 gold pieces.
The helpless ogre fails to defend itself.
You puncture the ogre!
The ogre is poisoned.
The ogre hits you with a cursed +0 giant club!!
Ouch! That really hurt!
You die...

.... ....## ...###
.....# ..+.. .$...##
.... ......# .###
#..##......#
#...©#..#.......#
.#...##.#.......#
..#.(....#..@O.....#
..©..##..#.#####+#.#
# ..#....5#.......#
..###?..##.##.#######
..$W5... #.........
## #####. ##.########
.####.©.####..#
.............##
.#####.##.##.......


You could see an ogre (very poisoned) and a quasit.

Vanquished Creatures
  A sky beast (D:3)
  An orc wizard (D:3)
  3 adders
  A gnoll (D:1)
  2 oozes (D:3)
  An adder skeleton (D:4)
  3 worms
  A dart slug (D:1)
  2 leopard geckos
  5 orcs (D:3)
  4 giant cockroaches
  5 goblins
  8 hobgoblins
  10 jackals
  10 kobolds
  A quokka (D:2)
  7 bats
  A frilled lizard (D:1)
  7 rats
73 creatures vanquished.

Vanquished Creatures (others)
  100 foxfires
100 creatures vanquished.

Grand Total: 173 creatures vanquished

Notes
Turn   | Place    | Note
-------+----------+-------------------------------------------
     0 | D:1      | Hastur the Deep Elf Fire Elementalist began the quest for
                  | the Orb.
     0 | D:1      | Reached XP level 1. HP: 10/10 MP: 6/6
   137 | D:1      | Reached XP level 2. HP: 15/15 MP: 6/8
   710 | D:1      | Reached XP level 3. HP: 13/19 MP: 9/9
  1451 | D:2      | Reached skill level 4 in Fire Magic
  1548 | D:2      | Reached XP level 4. HP: 15/24 MP: 9/11
  2204 | D:2      | Found a hide-covered altar of Uskayaw.
  2815 | D:3      | Reached XP level 5. HP: 23/28 MP: 12/12
  3004 | D:3      | Noticed Grinder
  3159 | D:3      | Noticed a sky beast
  3166 | D:3      | Killed a sky beast
  3307 | D:3      | Reached skill level 5 in Fire Magic
  3369 | D:3      | Found a shimmering altar of Xom.
  3501 | D:4      | Found a transporter.
  3516 | D:4      | Noticed nyroko's ghost (amateur GrFi)
  3527 | D:4      | Found a transporter.
  3529 | D:4      | Noticed an ogre
  3532 | D:4      | Slain by an ogre

Illustrated notes

Levels and vault maps discovered:
D:1:      minmay_arrival_radiant_lines, layout_basic, minmay_pentomino_x4
D:2:      layout_loops_ring, marbit_many_paths
D:3:      layout_loops_cross, nicolae_overflow_hidden_temple, uniq_grinder
D:4:      layout_basic, gammafunk_ghost_stat_death, minmay_lizard_king

Skill      XL: |  1  2  3  4  5 |
---------------+----------------+-----
Conjurations   | 2 3 |  3.7
Stealth        | 3 |  3.0
Fire Magic     | 4 5 |  5.0
Dodging        | 3 |  3.6
Spellcasting   | 4 |  4.1

Action                   |  1- 3 |  4- 6 || total
-------------------------+-------+-------++-------
Melee: Dagger            |    55 |    62 ||   117
 Cast: Foxfire           |    29 |    29 ||    58
 Stab: Sleeping          |     2 |     6 ||     8
Armor: Robe              |    10 |     3 ||    13
       Leather armour    |       |    14 ||    14
Dodge: Dodged            |    60 |    41 ||   101

Table legend: (Time is in decaauts)
 A = Elapsed time spent in this place.
 B = Non-inter-level travel time spent in this place.
 C = Inter-level travel time spent in this place.
 D = Time resting spent in this place.
 E = Time spent auto-exploring this place.
 F = Levels seen in this place.
 G = Mean time per level.
                   A        B        C        D        E       F      G
               +--------+--------+--------+--------+--------+-----+--------+
         Total |   3530 |   3476 |     54 |    743 |   2058 |   4 |  882.5 |
       Dungeon |   3530 |   3476 |     54 |    743 |   2058 |   4 |  882.5 |
               +--------+--------+--------+--------+--------+-----+--------+

Top non-repeatable levels by time:
     D:1: 1266 daAuts
     D:3: 1107 daAuts
     D:2: 1003 daAuts
     D:4: 152 daAuts
